 Dungeon Crawl Stone Soup version 0.30.1-11-g7821555f0a (webtiles) character file.

Game seed: 5575622377508829429

3194 PaiMei the Scholar of Death (level 9, -12/71 HPs)
             Began as a Demonspawn Necromancer on Jan 11, 2024.
             Was a Follower of Kikubaaqudgha.
             Mangled by an orc warrior
             ... wielding a +4 morningstar of holy wrath
              (19 damage)
             ... on level 8 of the Dungeon.
             The game lasted 00:12:43 (11575 turns).

PaiMei the Scholar of Death (DsNe)                 Turns: 11575, Time: 00:12:43

Health: -12/71     AC: 11    Str:  8    XL:     9   Next: 64%
Magic:  12/18      EV: 14    Int: 21    God:    Kikubaaqudgha [*.....]
Gold:   439        SH: 13    Dex: 14    Spells: 8/21 levels left

rFire   . . .        R - +6 shillelagh "Devastator" {shatter}
rCold   . . .        (no shield)
rNeg    . . .        a - +0 robe
rPois   .            (helmet restricted)
rElec   .            T - +0 cloak
rCorr   .            n - +2 pair of gloves
SInv    .            L - +0 pair of boots
Will    .....        u - amulet of reflection
Stlth   ++           l - +4 ring of protection
HPRegen 0.31/turn    (no ring)
MPRegen 0.16/turn

%: reflection
@: no status effects
A: antennae 2, large bone plates 3, powered by pain 1, bedeviling
a: Renounce Religion, Unearth Wretches


You were on level 8 of the Dungeon.
You worshipped Kikubaaqudgha.
Kikubaaqudgha was aware of your devotion.
You visited 2 branches of the dungeon, and saw 10 of its levels.

You collected 439 gold pieces.

Inventory:

Hand Weapons
 B - a +2 short sword of protection
 C - a +4 spear of freezing
 R - the +6 shillelagh "Devastator" (weapon) {shatter}
   (You found it on level 7 of the Dungeon)
Missiles
 d - 5 atropa-tipped darts
 r - 3 throwing nets (quivered)
 z - 14 poisoned darts
 A - a curare-tipped dart
Armour
 a - a +0 robe (worn)
 n - a +2 pair of gloves (worn)
 J - a +1 ring mail of willpower
 L - a +0 pair of boots (worn)
 T - a +0 cloak (worn)
Magical Staves
 E - a staff of death
Jewellery
 l - a +4 ring of protection (left hand)
 u - an amulet of reflection (around neck)
 y - a ring of flight
Wands
 w - a wand of mindburst (18)
 D - a wand of light (12)
 N - a wand of iceblast (7)
 S - a wand of flame (5)
Scrolls
 c - 10 scrolls of identify {unknown}
 e - a scroll of immolation {unknown}
 g - 3 scrolls of silence {unknown}
 h - 5 scrolls of fear {unknown}
 i - a scroll of vulnerability {unknown}
 k - a scroll of fog {unknown}
 o - a scroll of blinking {unknown}
 q - a scroll of enchant armour {unknown}
 t - a scroll of enchant weapon {unknown}
 v - 3 scrolls of teleportation {unknown}
 F - 2 scrolls of amnesia {unknown}
 K - a scroll of acquirement {unknown}
 O - a scroll of magic mapping {unknown}
Potions
 b - 3 potions of magic
 f - 3 potions of mutation {unknown}
 j - 7 potions of curing {unknown}
 m - a potion of degeneration {unknown}
 p - a potion of flight {unknown}
 s - a potion of lignification {unknown}
 x - a potion of berserk rage {unknown}
 G - a potion of heal wounds {unknown}
 H - 3 potions of invisibility {unknown}
 I - a potion of brilliance {unknown}
 M - a potion of resistance
 P - a potion of attraction {unknown}
 Q - 2 potions of might {unknown}


   Skills:
 + Level 6.5 Fighting
 + Level 6.4 Dodging
 - Level 2.0 Stealth
 + Level 6.5 Spellcasting
 + Level 8.7 Necromancy


You had 8 spell levels left.
You knew the following spells:

 Your Spells              Type           Power      Damage    Failure   Level
a - Necrotise             Necr           100%       1d9       1%          1
b - Vampiric Draining     Necr           43%        2d9       1%          3
c - Animate Dead          Necr           43%        N/A       2%          4
d - Agony                 Necr           43%        N/A       7%          5

Your spell library contained the following spells:

 Spells                   Type           Power      Damage    Failure   Level
 Kiss of Death            Conj/Necr      100%       2d13      1%          1
 Cigotuvi's Dreadful Rot  Necr/Pois/Air  38%        N/A       4%          2
 Sting                    Tmut/Pois      24%        1d4       10%         1
 Ensorcelled Hibernation  Hex/Ice        20%        N/A       14%         2
 Poisonous Vapours        Pois/Air       12%        N/A       14%         2
 Anguish                  Hex/Necr       18%        N/A       16%         4
 Spider Form              Tmut/Pois      6%         N/A       28%         3
 Olgreb's Toxic Radiance  Pois           6%         N/A       67%         4


Dungeon Overview and Level Annotations

Branches:
Dungeon (9/15)             Temple (1/1) D:7             Orc (0/2) D:9
   Lair: D:8-11

Altars:
Ashenzari
Fedhas
Gozag
Hepliaklqana
Kikubaaqudgha
Makhleb
Sif Muna
Trog
Yredelemnul

Annotations:
D:4 1 transporter, dchavez06's ghost, amateur TrWr
D:8 2 transporters, PaiMei's ghost, novice DsNe


Innate Abilities, Weirdness & Mutations

You have a pair of antennae on your head.
You are completely covered in large bone plates. (SH +8)
You sometimes gain a little power by taking damage.
Your hexes are more powerful.


Message History

You barely miss the orc warrior.
The orc warrior is lightly wounded.
The orc warrior hits you with a +4 morningstar of holy wrath!
You convulse!
You focus on the pain.
You feel your power returning. The orc barely misses you.
You hit the orc warrior but do no damage.
The orc warrior is lightly wounded.
The orc warrior hits you with a +4 morningstar of holy wrath.
You convulse!
The orc closely misses you.
The orc warrior hits you with a +4 morningstar of holy wrath!
* * * LOW HITPOINT WARNING * * *
You focus on the pain.
You feel your power returning.
You convulse.
* * * LOW HITPOINT WARNING * * *
The orc barely misses you.
You hit the orc warrior but do no damage.
The orc warrior is lightly wounded.
You block the orc warrior's attack. You block the orc's attack.
The orc hits you with a +0 war axe.
* * * LOW HITPOINT WARNING * * *
You block the orc's attack.
Casting: Vampiric Draining (safe; 1% risk of failure)
Confirm with . or Enter, or press ? or * to list all spells.
Aiming: Vampiric Draining (safe; 1% risk of failure)
Press: ? - help, Shift-Dir - straight line, f/p - orc warrior
Aim: an orc warrior, wielding a +4 morningstar of holy wrath and wearing a +0 plate armour (lightly wounded)
You draw life force from the orc warrior!
You feel life coursing into your body! The orc warrior closely misses you.
You block the orc's attack.
Casting: Vampiric Draining (safe; 1% risk of failure)
Confirm with . or Enter, or press ? or * to list all spells.
Aiming: Vampiric Draining (safe; 1% risk of failure)
Press: ? - help, Shift-Dir - straight line, f/p - orc warrior
Aim: an orc warrior, wielding a +4 morningstar of holy wrath and wearing a +0 plate armour (severely wounded)
You draw life force from the orc warrior!
You feel life coursing into your body.
The orc warrior hits you with a +4 morningstar of holy wrath!
* * * LOW HITPOINT WARNING * * *
You convulse!!
You die...
Kikubaaqudgha rasps: "You have failed me!
Welcome... death!"

###### #..............# #.....
#..............# #.....
##.............####...>.
###....))[........J.J.....
########...##.)>)..........#...h.
#....#...#####..##....#######h...
...>...### ##..###### ##...
.....### #oo## ##.. .....###
##@.# ##. .......### #..## ##
.........# ##..# .........# ##.##
≈≈≈≈≈≈≈≈.# #..# ≈≈≈≈≈≈≈≈.# ##.##
..####≈≈.# #..# #8#..#≈≈.# ##.###
###..#≈≈.# #...##


You could see an orc warrior and an orc.

Vanquished Creatures
  Maurice (D:8)
  Sigmund (D:5)
  An acid dragon (D:8)
  2 water moccasins
  An ice beast (D:8)
  3 orc warriors
  An ogre (D:5)
  3 black bears (D:8)
  2 centaurs (D:7)
  A kobold brigand (D:4)
  2 bullfrogs
  A gnoll sergeant (D:8)
  3 scorpions
  2 howler monkeys (D:8)
  4 orc priests
  3 hounds
  3 jellies
  A sleepcap (D:7)
  2 iguanas
  6 orc wizards
  21 gnolls
  7 adders
  A shadow imp (D:6)
  2 ufetubi
  3 worms (D:2)
  A dart slug (D:4)
  23 orcs
  7 endoplasms
  A giant cockroach (D:1)
  6 goblins
  9 hobgoblins
  4 jackals (D:4)
  23 kobolds
  7 quokkas
  6 ball pythons
  4 bats
  2 frilled lizards
  9 rats
179 creatures vanquished.

Vanquished Creatures (collateral kills)
  A gnoll bouda (D:4)
  2 dart slugs
  A ball python (D:2)
  A goblin (D:3)
5 creatures vanquished.

Vanquished Creatures (others)
  An orc wizard (D:7)
1 creature vanquished.

Grand Total: 185 creatures vanquished

Notes
Turn   | Place    | Note
-------+----------+-------------------------------------------
     0 | D:1      | PaiMei the Demonspawn Necromancer began the quest for the
                  | Orb.
     0 | D:1      | Reached XP level 1. HP: 13/13 MP: 3/3
   130 | D:1      | Gained mutation: You are partially covered in large bone
                  | plates. (SH +4) [demonic ancestry]
   130 | D:1      | Reached XP level 2. HP: 18/19 MP: 0/5
   864 | D:2      | Gained mutation: You sometimes gain a little power by
                  | taking damage. [demonic ancestry]
   864 | D:2      | Reached XP level 3. HP: 25/25 MP: 0/6
   868 | D:2      | Learned a level 3 spell: Vampiric Draining
  1332 | D:2      | Reached skill level 1 in Fighting
  1565 | D:2      | Gained mutation: You are mostly covered in large bone
                  | plates. (SH +6) [demonic ancestry]
  1565 | D:2      | Reached XP level 4. HP: 32/32 MP: 0/7
  2218 | D:3      | Reached skill level 5 in Necromancy
  2566 | D:3      | Found a blossoming altar of Fedhas.
  3089 | D:4      | Gained mutation: You have a pair of small antennae on your
                  | head. [demonic ancestry]
  3089 | D:4      | Reached XP level 5. HP: 36/38 MP: 3/9
  3911 | D:4      | Found a broken altar of Ashenzari.
  3912 | D:4      | Found a transporter.
  3974 | D:4      | Noticed an ogre
  3989 | D:4      | Noticed dchavez06's ghost (amateur TrWr)
  3991 | D:4      | Identified the +4 dire flail of Bannesch {drain, rC+ Str+2}
  3991 | D:4      | Noticed an ogre
  4055 | D:4      | Gained mutation: You have a pair of antennae on your head.
                  | [demonic ancestry]
  4055 | D:4      | Reached XP level 6. HP: 46/46 MP: 8/11
  5034 | D:4      | Learned a level 4 spell: Animate Dead
  5077 | D:5      | Entered Level 5 of the Dungeon
  5089 | D:5      | Reached skill level 6 in Necromancy
  5089 | D:5      | Gained mutation: You are completely covered in large bone
                  | plates. (SH +8) [demonic ancestry]
  5089 | D:5      | Reached XP level 7. HP: 25/52 MP: 3/12
  5560 | D:5      | Noticed Sigmund
  5578 | D:5      | Killed Sigmund
  6653 | D:6      | Gained mutation: Your hexes are more powerful. [demonic
                  | ancestry]
  6653 | D:6      | Reached XP level 8. HP: 60/60 MP: 9/14
  6695 | D:6      | Found an opulent altar of Gozag.
  7729 | D:7      | Reached skill level 7 in Necromancy
  7747 | D:7      | Reached skill level 5 in Spellcasting
  7887 | D:7      | Reached skill level 5 in Dodging
  8181 | D:7      | Found a staircase to the Ecumenical Temple.
  8189 | Temple   | Entered the Ecumenical Temple
  8200 | Temple   | Learned a level 5 spell: Agony
  8200 | Temple   | Became a worshipper of Kikubaaqudgha
  8246 | D:7      | Reached skill level 5 in Fighting
  8433 | D:7      | Found the +6 shillelagh "Devastator" {shatter}
  8854 | D:8      | Reached XP level 9. HP: 53/68 MP: 1/17
  9068 | D:8      | Reached * piety under Kikubaaqudgha
  9068 | D:8      | Received a gift from Kikubaaqudgha
  9192 | D:8      | Found a transporter.
  9475 | D:8      | Noticed Maurice
  9537 | D:8      | Identified the ring "Bump" {Fly rN++ rCorr Str-5 Slay+5}
  9537 | D:8      | Noticed PaiMei's ghost (novice DsNe)
  9574 | D:8      | Killed Maurice
  9575 | D:8      | Reached skill level 8 in Necromancy
  9663 | D:8      | Identified the +6 trident "Sohaz" {chaos, Str+4 Int-4
                  | Stlth+}
  9663 | D:8      | Identified the +0 scale mail of Defiance {Str-4 Dex+5 SInv}
  9727 | D:8      | Found a transporter.
  9813 | D:8      | Found a bloodstained altar of Trog.
 10940 | D:9      | Found a staircase to the Orcish Mines.
 11575 | D:8      | Mangled by an orc warrior

Illustrated notes

Levels and vault maps discovered:
D:1:      saegor_arrival_simple_e, layout_basic
D:2:      layout_rooms, serial_co_window_serial, co_window_paths_a,
          co_window_of_opportunity_a, co_window_of_opportunity_a,
          co_window_paths_a, co_window_of_opportunity_a, co_window_2corner,
          co_window_of_opportunity_c, co_window_of_opportunity_b,
          co_window_broadway_b, co_window_of_opportunity_b, co_window_cross_3,
          co_window_paths_d, glass_columns_a, glass_columns_b, glass_columns_b,
          glass_columns_c, glass_columns_b
D:3:      layout_basic, mainiacjoe_overflow_alcove_4,
          chequers_hall_statues_wall_a
D:4:      kennysheep_kobold_camp, layout_loops_ring, lemuel_crystal_altar,
          gammafunk_ghost_smash
D:5:      layout_basic, serial_aquarium, aquarium_bridge_square
          [aquarium_subvault_bridge, aquarium_subvault_wall,
          aquarium_subvault_bridge, aquarium_subvault_wall], aquarium_window_1,
          aquarium_window_fake, aquarium_view_2c, aquarium_balcony_double_1,
          uniq_sigmund
D:6:      layout_loops_corners, elyvilon_altar_4, nicolae_gozag_seed_capital,
          kennysheep_flooded_box, serial_park_tiny_2
D:7:      layout_loops_cross, minmay_temple_entry_ruins, palyth_stone_intersect
D:8:      layout_cave_pods, trog_ov_bears_minmay, gammafunk_ghost_gnarly_gnolls,
          uniq_maurice
D:9:      layout_rooms, lair_entry_dummy, david_orc_2,
          amcnicky_mini_rare_corridor_liquid, nicolae_shop_vocational
Temple:   nicolae_temple_bog_church

Skill      XL: |  1  2  3  4  5  6  7  8  9 |
---------------+----------------------------+-----
Stealth        | 2 |  2.0
Dodging        | 2 3 4 5 6 |  6.4
Fighting       | 1 2 3 4 5 6 |  6.5
Necromancy     | 5 6 7 8 |  8.7
Spellcasting   | 3 4 5 6 |  6.5

Action                     |  1- 3 |  4- 6 |  7- 9 || total
---------------------------+-------+-------+-------++-------
  Melee: Dagger            |     1 |       |       ||     1
         Long sword        |    16 |    39 |       ||    55
         Spear             |       |     4 |    70 ||    74
         Punch             |       |     1 |     2 ||     3
         Shillelagh        |       |       |    37 ||    37
   Cast: Necrotise         |    72 |   109 |    87 ||   268
         Vampiric Draining |       |    11 |    75 ||    86
   Stab: Distracted        |       |     1 |       ||     1
         Sleeping          |       |       |     1 ||     1
 Armour: Robe              |    10 |    15 |    65 ||    90
  Dodge: Dodged            |    25 |    50 |   124 ||   199
  Block: Other             |     6 |    26 |   128 ||   160
         Reflection        |       |       |     2 ||     2
